Match 35117119
Unlisted

Match 35117119
End
Construct Infanterie Kompanie
Kettenkrad Recon Vehicle
Selects Mechanized Battlegroup
MG 42 Machine Gun Team
MG 42 Machine Gun Team
GrW 34 Mortar Team
Grenadier Squad
Medical Station
GrW 34 Mortar Team
Infanterie Officer Quarters
Grenadier Squad
Construct Luftwaffe Kompanie
Support Elements
Selects Spotting Scopes
Grenadier Squad
Selects Wespe Self-propelled Artillery
Wespe Self-propelled Artillery
Construct Panzergrenadier Kompanie
Pak 40 Anti-tank Gun Team
Selects Zeroing Artillery Barrage
Zeroing Artillery Barrage
Pak 40 Anti-tank Gun Team
Selects Raid Package
Selects StuG Assault Group
StuG Assault Group
Atomic Floyd
deadsadbadmad
Alessandro-9891
$Zwaridel$
Alone._.Wolf
ATM村夫
0
0

Comments sign in to comment!

No comments posted yet!